Map: Year Zero LE

Players

Bly - Winner!

  • Race: Zerg Zerg
  • Spawn Location: 1:00

RiSky

  • Race: Zerg Zerg
  • Spawn Location: 11:00

Event: 2019 WCS Spring

VOD

Have the link to the VOD?

Description

Time

  • Played on: May 17, 2019, 2:29 p.m.
  • Length: 5:34

All games in this series

Show
View Real Time Build Order
Export as new Build Order

Bly Zerg - Winner!

Build Orders: Hatch First, Roach Nydus 

Get SALT Encoding   

  12  0:01  Drone  
  13  0:13  Overlord  
  13  0:18  Drone  
  14  0:31  Drone x2  
  16  0:51  Hatchery  
  16  0:54  Drone  
  16  0:58  Drone  
  16  1:01  Drone  
  18  1:05  Extractor  
  17  1:16  Spawning Pool  
  16  1:19  Drone  
  16  1:22  Drone  
  18  1:28  Drone  
  19  1:39  Drone  
  20  1:49  Overlord  
  20  2:04  Queen  
  20  2:05  Zergling x2  
  20  2:08  Lair  
  23  2:11  Zergling x4  
  23  2:14  Drone  
  26  2:23  Drone  
  26  2:25  Drone  
  28  2:33  Drone  
  28  2:36  Extractor  
  28  2:39  Queen  
  28  2:40  Drone  
  31  2:45  Drone  
  31  2:48  Overlord  
  32  3:00  Drone x2  
  34  3:08  Nydus Network  
  34  3:10  Roach Warren  
  31  3:28  Overlord  
  31  3:46  Drone x2  
  31  3:49  Roach x2  
  31  3:50  Roach x3  
  31  3:55  Roach x3  
  47  4:02  Roach x2  
  51  4:11  Nydus Canal  
  51  4:14  Overlord  
  51  4:23  Queen  
  51  4:36  Roach x4  
  51  4:38  Overlord  
  59  4:43  Ravager  
  56  4:48  Roach  
  56  4:51  Roach  
  52  4:54  Roach  
  52  4:55  Queen  
  51  5:03  Roach  
  47  5:08  Roach  
  47  5:09  Roach  
Show
View Real Time Build Order
Export as new Build Order

RiSky Zerg 

Build Orders: Hatch First 

Get SALT Encoding   

  12  0:00  Drone  
  13  0:13  Overlord  
  13  0:17  Drone  
  14  0:31  Drone x2  
  16  0:49  Hatchery  
  15  0:52  Drone  
  16  0:57  Drone  
  16  0:59  Drone  
  18  1:12  Extractor  
  18  1:15  Spawning Pool  
  18  1:18  Drone  
  17  1:21  Drone  
  18  1:28  Drone  
  19  1:40  Drone  
  20  1:52  Overlord  
  20  2:02  Queen x2  
  20  2:03  Drone x2  
  26  2:12  Metabolic Boost, Zergling x2  
  26  2:14  Zergling x2  
  29  2:22  Drone  
  29  2:23  Drone  
  30  2:32  Drone  
  30  2:34  Drone  
  32  2:42  Hatchery  
  31  2:44  Zergling x2  
  31  2:47  Zergling x2  
  33  2:55  Baneling Nest  
  33  2:57  Overlord  
  32  2:59  Drone  
  32  3:04  Drone  
  34  3:06  Drone  
  35  3:14  Drone  
  35  3:15  Drone  
  35  3:16  Drone  
  38  3:22  Zergling x2  
  38  3:26  Drone  
  39  3:31  Drone  
  39  3:32  Evolution Chamber, Drone  
  41  3:38  Drone  
  41  3:40  Drone  
  43  3:46  Drone  
  44  3:49  Overlord  
  44  3:52  Extractor  
  44  3:53  Drone  
  44  3:54  Overlord  
  44  3:55  Roach Warren, Drone x4  
  46  3:56  Drone  
  48  4:02  Overlord  
  48  4:07  Queen  
  48  4:09  Zergling x4  
  52  4:13  Extractor  
  52  4:15  Zergling x2  
  52  4:17  Zergling x4  
  52  4:20  Zergling x10  
  52  4:22  Zergling x2  
  59  4:30  Zergling x6  
  57  4:37  Zergling x2  
  55  4:43  Zergling x2  
  32  5:04  Zergling x2  
  29  5:09  Zergling x2  
  29  5:12  Zergling x2  
Tags
 
Add a new tag
Caveats
  • Supply blocks, unpowered buildings, or Contaminate may cause inaccurate times.
  • Supply counts are checked every 10 seconds.